 Dungeon Crawl Stone Soup version 0.31-a0-424-g41b3b0883d (webtiles) character file.

Game seed: 4458809459031424166

775533 Bnni the Intangible (level 27, -17/172 HPs)
             Began as a Tengu Hunter on July 30, 2023.
             Was a High Priest of Hepliaklqana.
             Demolished by a white draconian
             ... wielding a +2 scimitar of flaming
             ... led by a green draconian monk
              (18 damage)
             ... on level 3 of the Realm of Zot.
             The game lasted 04:08:11 (66745 turns).

Bnni the Intangible (Tengu Hunter)                 Turns: 66745, Time: 04:08:12

Health: -17/172    AC: 21    Str: 16    XL:     27
Magic:  0/36       EV: 45    Int: 16    God:    Hepliaklqana [*****.]
Gold:   6467       SH:  0    Dex: 29    Spells: 15/36 levels left

rFire   + + .        e - +9 triple crossbow (freeze)
rCold   + + +        (shield currently unavailable)
rNeg    + + .        Y - +0 swamp dragon scales
rPois   +            (helmet restricted)
rElec   +            d - +2 cloak
rCorr   +            z - +2 pair of gloves "Tegeosyf" {Slay+2 Stlth+}
SInv    .            (boots unavailable)
Will    ++...        D - amulet of guardian spirit
Stlth   +++++++      F - ring of Xufewal {rPois rC+ Str-3 Slay+5}
HPRegen 0.48/turn    I - ring of the Everdark {rC+ rN++ Str+3 Int+6 Dex+2}
MPRegen 0.25/turn

%: guardian spirit
@: about to teleport, resistant, flying quickly and evasively, studying 2
skills, quick
A: reduced essence, beak, talons 3, nimble flight, fire resistance 1, screaming
1
}: 7/15 runes: decaying, serpentine, slimy, silver, obsidian, icy, abyssal
a: Renounce Religion, Recall Ancestor, Ancestor Identity, Transference, Idealise


You were on level 3 of the Realm of Zot.
You worshipped Hepliaklqana.
Hepliaklqana was extremely pleased with you.
You visited 14 branches of the dungeon, and saw 69 of its levels.
You visited the Abyss 1 time.
You visited 1 bazaar.

You collected 8545 gold pieces.
You spent 2078 gold pieces at shops.

Inventory:

Hand Weapons
 e - a +9 triple crossbow of freezing (weapon)
 w - the +8 storm bow {elec, penet}
   (You bought it in a shop on level 2 of the Orcish Mines)
 x - the +12 dagger of Eternal Night {holy, Int+3}
   (You found it on level 2 of the Crypt)

   Int:       It affects your intelligence (+3).
 y - a +2 longbow of flaming
Missiles
 p - 6 throwing nets
 H - 14 curare-tipped darts
Armour
 d - a +2 cloak (worn)
 t - +0 ice dragon scales
 z - the +2 pair of gloves "Tegeosyf" (worn) {Slay+2 Stlth+}
   (You acquired it on level 10 of the Dungeon)

   Slay:      It affects your accuracy & damage with ranged weapons and melee
   (+2).
   Stlth:     It makes you more stealthy.
 Y - +0 swamp dragon scales (worn)
Jewellery
 b - the ring "Zuosa" {rN+ rCorr}
   (You found it on level 3 of the Crypt)

   [ring of positive energy]

   rN:        It protects you from negative energy.
   rCorr:     It protects you from acid and corrosion.
 o - the ring of Miajazo {rF+ Int+3}
   (You found it on level 3 of the Swamp)

   [ring of protection from fire]

   Int:       It affects your intelligence (+3).
   rF:        It protects you from fire.
 D - an amulet of guardian spirit (around neck)
 F - the ring of Xufewal (left hand) {rPois rC+ Str-3 Slay+5}
   (You found it on level 3 of the Crypt)

   [ring of protection from cold]

   Str:       It affects your strength (-3).
   Slay:      It affects your accuracy & damage with ranged weapons and melee
   (+5).
   rC:        It protects you from cold.
   rPois:     It protects you from poison.
 I - the ring of the Everdark (right hand) {rC+ rN++ Str+3 Int+6 Dex+2}
   (You took it off a spriggan berserker on level 1 of the Depths)

   [ring of intelligence]

   Str:       It affects your strength (+3).
   Int:       It affects your intelligence (+6).
   Dex:       It affects your dexterity (+2).
   rC:        It protects you from cold.
   rN:        It greatly protects you from negative energy.
 M - the ring "Hedwuedi" {Str+6 SInv}
   (You took it off an ancient champion on level 3 of the Crypt)

   [ring of strength]

   Str:       It affects your strength (+6).
   SInv:      It lets you see invisible.
 U - a ring of protection from fire
Wands
 B - a wand of roots (57)
 K - a wand of light (29)
 V - a wand of digging (16)
Scrolls
 f - a scroll of butterflies
 j - 6 scrolls of fog
 k - 7 scrolls of teleportation
 m - 10 scrolls of revelation
 q - 10 scrolls of immolation
 u - a scroll of blinking
 v - 7 scrolls of fear
 A - 3 scrolls of silence
 E - 3 scrolls of brand weapon
 L - 7 scrolls of poison
 N - 9 scrolls of enchant armour
 R - 12 scrolls of amnesia
Potions
 a - 5 potions of mutation
 h - 7 potions of cancellation
 i - 4 potions of berserk rage
 l - a potion of ambrosia
 n - 5 potions of might
 r - 10 potions of enlightenment
 C - a potion of heal wounds
 G - a potion of invisibility
 P - 3 potions of resistance
 Q - 8 potions of magic
 S - 2 potions of haste
 T - 20 potions of curing
 Z - 4 potions of attraction
Miscellaneous
 c - a condenser vane
 g - a phantom mirror
 s - a phial of floods
 O - a lightning rod (4/4)


   Skills:
 + Level 24.9 Fighting
 + Level 4.1 Short Blades
 - Level 26.0 Ranged Weapons
 - Level 20.0 Armour
 O Level 27 Dodging
 + Level 14.0 Stealth
 - Level 8.3 Shields
 - Level 5.0 Spellcasting
 - Level 12.0 Translocations
 - Level 6.0 Transmutations
 - Level 6.0 Air Magic
 + Level 17.2 Invocations


You had 15 spell levels left.
You knew the following spells:

 Your Spells              Type           Power      Damage    Failure   Level
b - Blink                 Tloc           84%        N/A       1%          2
c - Portal Projectile     Hex/Tloc       46%        N/A       5%          3
d - Dispersal             Tloc           21%        N/A       24%         6
g - Passage of Golubria   Tloc           42%        N/A       1%          4
s - Swiftness             Air            23%        N/A       5%          3
w - Wereblood             Tmut           23%        N/A       2%          2
z - Apportation           Tloc           84%        N/A       1%          1

Your spell library contained the following spells:

 Spells                   Type           Power      Damage    Failure   Level
 Lesser Beckoning         Tloc           84%        N/A       1%          2
 Gell's Gravitas          Tloc           42%        N/A       1%          3
 Teleport Other           Tloc           42%        N/A       1%          3
 Vhi's Electric Charge    Tloc/Air       64%        N/A       1%          3
 Manifold Assault         Tloc           42%        N/A       1%          4
 Momentum Strike          Conj/Tloc      46%        3d9       2%          2
 Volatile Blastmotes      Fire/Tloc      46%        2d13      5%          3
 Shock                    Conj/Air       52%        1d6       6%          1
 Poisonous Vapours        Pois/Air       26%        N/A       10%         2
 Static Discharge         Conj/Air       26%        2-4/arc   10%         2
 Cigotuvi's Dreadful Rot  Necr/Pois/Air  20%        N/A       14%         2
 Airstrike                Air            11%        2d(2-18)  19%         4
 Iskenderun's Mystic Bla  Conj/Tloc      23%        2d6       19%         4
 Foxfire                  Conj/Fire      16%        2x1d4     22%         1
 Magic Dart               Conj           16%        1d3       22%         1
 Ignite Poison            Fire/Tmut/Pois 10%        N/A       28%         3
 Mephitic Cloud           Conj/Pois/Air  10%        N/A       28%         3
 Call Imp                 Summ           8%         N/A       32%         2
 Ensorcelled Hibernation  Hex/Ice        8%         N/A       32%         2
 Searing Ray              Conj           8%         2d4       32%         2
 Sublimation of Blood     Necr           4%         N/A       32%         2
 Summon Forest            Summ/Tloc      11%        N/A       45%         5
 Petrify                  Tmut/Erth      13%        N/A       52%         4
 Summon Lightning Spire   Summ/Air       13%        N/A       52%         4
 Call Canine Familiar     Summ           4%         N/A       54%         3
 Frozen Ramparts          Ice            8%         1d2       54%         3
 Hailstorm                Conj/Ice       4%         3d4       54%         3
 Ozocubu's Armour         Ice            4%         N/A       54%         3
 Summon Guardian Golem    Hex/Summ       4%         N/A       54%         3
 Tukima's Dance           Hex            4%         N/A       54%         3
 Vampiric Draining        Necr           4%         2d6       54%         3
 Alistair's Intoxication  Tmut/Pois      8%         N/A       86%         5
 Irradiate                Conj/Tmut      6%         3d13      86%         5
 Silence                  Hex/Air        6%         N/A       86%         5
 Yara's Violent Unravell  Hex/Tmut       6%         3d5       86%         5
 Anguish                  Hex/Necr       2%         N/A       91%         4
 Animate Armour           Summ/Erth      8%         N/A       91%         4
 Cause Fear               Hex            2%         N/A       91%         4
 Fulminant Prism          Conj/Hex       2%         3d5       91%         4
 Leda's Liquefaction      Hex/Erth       2%         N/A       91%         4
 Sticky Flame             Conj/Fire      4%         2d3       91%         4
 Summon Ice Beast         Ice/Summ       4%         N/A       91%         4
 Freezing Cloud           Conj/Ice/Air   5%         6-21      95%         5
 Borgnjor's Vile Clutch   Necr/Erth      2%         N/A       99%         5
 Iskenderun's Battlesphe  Conj           4%         2d6       99%         5
 Lee's Rapid Deconstruct  Erth           2%         3d4*      99%         5
 Metabolic Englaciation   Hex/Ice        2%         N/A       99%         5
 Summon Mana Viper        Hex/Summ       4%         N/A       99%         5
 Eringya's Noxious Bog    Tmut/Pois      6%         4d6       100%        6
 Leda's Unmaking          Conj/Erth      2%         9d1       100%        6
 Plasma Beam              Fire/Air       6%         2x1d17    100%        6
 Simulacrum               Ice/Necr       2%         N/A       100%        6
 Starburst                Conj/Fire      2%         6d3       100%        6
 Summon Cactus Giant      Summ           2%         N/A       100%        6
 Enfeeble                 Hex            2%         N/A       100%        7
 Malign Gateway           Summ/Tloc      11%        N/A       100%        7
 Orb of Destruction       Conj           2%         9d5       100%        7
 Spellforged Servitor     Conj/Summ      2%         N/A       100%        7
 Summon Hydra             Summ           2%         N/A       100%        7
 Ignition                 Fire           2%         3d3       100%        8
 Summon Horrible Things   Summ           2%         N/A       100%        8
 Chain Lightning          Conj/Air       6%         3d8       100%        9
 Dragon's Call            Summ           2%         N/A       100%        9
 Fire Storm               Conj/Fire      2%         8d1       100%        9
 Shatter                  Erth           2%         3d6*      100%        9


Dungeon Overview and Level Annotations

Branches:
Dungeon (15/15)            Temple (0/1) D:6            Lair (5/5) D:10
  Swamp (4/4) Lair:2        Snake (4/4) Lair:3        Slime (5/5) Lair:5
    Orc (2/2) D:10            Elf (3/3) Orc:2        Vaults (5/5) D:13
  Crypt (3/3) Vaults:3       Tomb (0/3) Crypt:3      Depths (4/4) D:15
   Hell (visited)             Dis (0/7) Hell            Geh (7/7) Hell
    Coc (7/7) Hell            Tar (0/7) Hell            Zot (4/5) Depths:4

Altars:
Cheibriados
Fedhas
Hepliaklqana
Kikubaaqudgha
Makhleb
Okawaru
Sif Muna
Trog
Vehumet
Wu Jian
Xom
Yredelemnul
Zin
The Shining One
Jiyva

Shops:
D:2 (   D:6 [*   D:9 (   D:10 :   Orc:2 ((=*(([[   Elf:1 ?   Snake:1 =::
Vaults:5 !!   Depths:1 (   Depths:3 (

Portals:
Hell: Depths:1 Depths:2 Depths:3 Depths:4
Abyss: Depths:3
Pandemonium: Depths:1 Depths:2
Ziggurat: Depths:2

Annotations:
Snake:4 exclusion: door
Elf:2 3 runed translucent doors


Innate Abilities, Weirdness & Mutations

Your life essence is reduced to manifest your ancestor. (-10% HP)
You have a beak for a mouth.
You have claws for feet.
Your magical nature lets you fly swiftly and evasively.
Your flesh is heat resistant. (rF+)
You occasionally shout uncontrollably at your foes.


Message History

The blast of cold hits Tankster McGee.
Tankster McGee resists.
The blast of cold misses you.
The blast of cold hits the white draconian!!
The white draconian resists.
Tankster McGee hits the white draconian stormcaller with a +0 broad axe of speed!
Tankster McGee hits the green draconian monk with a +0 broad axe of speed!!
The green draconian monk completely misses you. x2
The green draconian monk misses you.
The green draconian monk closely misses you.
You feel better. The red draconian breathes fire at you.
The searing blast misses you.
The searing blast hits Tankster McGee.
Tankster McGee resists.
The green draconian monk completely misses you. x3
The green draconian monk misses you.
Tankster McGee blocks the white draconian stormcaller's attack.
The white draconian completely misses you.
Tankster McGee hits the white draconian stormcaller with a +0 broad axe of speed!!!
Tankster McGee hits the purple draconian shifter with a +0 broad axe of speed!
Tankster McGee barely misses the electric golem.
Tankster McGee completely misses the green draconian monk.
You feel better. The green draconian monk hits you!
* * * LOW HITPOINT WARNING * * *
The green draconian monk completely misses you. x3
The electric golem completely misses you.
The electric golem hits you.
* * * LOW HITPOINT WARNING * * *
The electric golem shocks you. You resist.
* * * LOW HITPOINT WARNING * * *
The electric golem completely misses you. x2
The red draconian hits you but does no damage.
The white draconian stormcaller invokes the aid of Qazlal against you.
Qazlal smites you!
* * * LOW HITPOINT WARNING * * *
The purple draconian shifter casts a spell at you.
Tankster McGee blinks!
A green draconian comes into view. It is wielding a +0 scimitar.
The white draconian hits you with a +2 scimitar of flaming!!
You die...

###...# ##..
##qDl..##. ##...
#k.q.k.... ##....
##.Xk##.†..
##...○###D.z#l)....
#.....d.†..####...
#....qq....# )#
#R.9§###.d# # #.q@#
##.# ##dd# ##.
##DX# #. ##d.# .
#..< . #... #....
#... ...


You could see the friendly Tankster McGee the knight (idealised, reflecting), an
electric golem, a tentacled monstrosity, a green draconian monk (berserk), a
yellow draconian, a green draconian, a red draconian (poisoned, catching
breath), a white draconian, a purple draconian shifter (ally target), a
quicksilver dragon and a white draconian stormcaller.

Vanquished Creatures
  Antaeus (Coc:7)
  3 dread liches
  4 ancient liches
  An orb of fire (Zot:4)
  2 royal mummies (Crypt:2)
  Josephina (Zot:1)
  Sojobo (Vaults:4)
  Frederick (Crypt:1)
  7 shard shrikes
  Parghit (Zot:1)
  Saint Roka (Snake:4)
  Vashnia (Snake:4)
  4 golden dragons
  Norris (Vaults:3)
  6 bone dragons
  Geryon (Hell)
  Nikola (Snake:4)
  3 doom hounds
  4 hellephants
  8 Brimstone Fiends
  Mlioglotl (Swamp:2)
  10 tentacled monstrosities
  12 Ice Fiends
  20 searing wretches
  2 shard shrike skeletons (Crypt:3)
  4 liches
  4 quicksilver dragons
  An Executioner (Abyss:2)
  6 titans
  Asterion (Snake:4)
  10 acid blobs
  7 death cobs
  2 deep elf blademasters
  4 sphinxes
  7 tentacled starspawn
  10 ancient champions
  14 tengu reavers
  Kirke (Lair:4)
  2 thorn hunters
  A fenstrider witch (Swamp:4)
  5 storm dragons
  The ghost of Daqifun the Markshuman, an adept HuWn of Okawaru (Swamp:3)
  4 draconian monks
  3 nagarajas
  5 draconian knights
  4 shadow dragons
  21 azure jellies
  7 rockslimes
  26 narguns
  6 deep elf sorcerers
  2 iron dragons
  20 fire giants
  19 balrugs
  A caustic shrike zombie (Abyss:2)
  13 vault wardens
  2 ghost moths
  3 orc warlords
  4 ghouls
  2 draconian shifters
  6 frost giants
  9 shard shrike simulacra
  2 deep elf elementalists (Elf:3)
  2 draconian annihilators
  2 draconian stormcallers
  2 curse skulls (Crypt:3)
  10 quicksilver oozes
  5 reapers
  9 very ugly things
  3 war gargoyles
  3 ironbound thunderhulks
  Nessos (D:12)
  2 caustic shrike skeletons (Crypt:3)
  17 ironbound preservers
  A juggernaut skeleton (Hell)
  11 stone giants
  A formless jellyfish (Slime:5)
  6 black draconians
  6 vampire knights
  13 elemental wellsprings
  3 green draconians
  3 white draconians
  9 yellow draconians
  2 purple draconians (Zot:2)
  9 deep elf demonologists
  An eleionoma (Swamp:3)
  A spark wasp (Depths:2)
  7 deep elf annihilators
  4 dire elephants
  4 bunyips
  12 wendigos
  3 blizzard demons
  4 red draconians
  4 iron golems (Zot:4)
  An eidolon (Crypt:3)
  2 crystal guardians (Abyss:2)
  10 deep elf death magi
  2 mummy priests (Crypt:2)
  The ghost of Tutankhamun the Cruncher, a journeyman DsGl of Fedhas (Lair:3)
  A merfolk impaler (Depths:4)
  2 shambling mangroves (Swamp:2)
  15 yaktaur captains
  6 fire dragons
  An entropy weaver (Vaults:2)
  4 deep elf high priests
  9 great orbs of eyes
  19 ettins
  A quicksilver dragon skeleton (Crypt:3)
  8 jiangshi
  27 vault guards
  2 peacekeepers
  Harold (D:9)
  6 rakshasas
  20 hydras
  10 salamander tyrants
  8 ice dragons
  3 ironbound frosthearts (Vaults:2)
  2 ogre magi
  3 ghost crabs
  5 catoblepae
  10 caustic shrike simulacra
  8 juggernaut simulacra
  6 spriggan air magi
  4 anacondas
  A fenstrider witch skeleton (Crypt:2)
  17 stokers
  2 death knights (Crypt:2)
  2 spriggan skeletons (Crypt:3)
  A centaur warrior (D:14)
  7 two-headed ogres
  The ghost of mertasd123 the Ripper, a journeyman FeSh of Qazlal (Lair:5)
  5 naga warriors
  10 alligators
  10 boulder beetles
  7 deep troll shamans
  5 death yaks (Lair:5)
  5 tengu warriors
  17 dancing weapons
  5 deep troll earth magi
  8 vampire magi
  37 hell hogs
  An orc high priest (Orc:2)
  Urug (D:13)
  A thrashing horror (Abyss:2)
  4 naga sharpshooters (Snake:4)
  7 spriggan berserkers
  4 sun demons
  3 shock serpents
  6 soul eaters
  3 titan skeletons (Crypt:3)
  13 deep elf knights
  4 hell knights (Depths:4)
  3 wretched stars (Abyss:2)
  A shadow wraith (Crypt:3)
  5 iron trolls
  7 large abominations
  32 skeletal warriors
  8 salamander mystics
  An iron giant zombie (Crypt:1)
  2 goliath frogs
  55 deep trolls
  3 glowing orange brains
  2 sixfirhies (Abyss:2)
  5 swamp dragons
  6 quicksilver dragon simulacra
  5 flayed ghosts
  An elf simulacrum (Coc:1)
  A deep troll (shapeshifter) (Vaults:2)
  2 spriggan druids
  A storm dragon skeleton (Depths:3)
  An orb spider (shapeshifter) (Abyss:2)
  11 naga ritualists
  7 orc knights
  8 deep elf archers
  6 bog bodies
  10 wizards
  A bunyip skeleton (Crypt:3)
  16 phantasmal warriors
  3 spriggan simulacra
  11 lindwurms
  3 necromancers
  21 deep elf pyromancers
  2 orc sorcerers
  14 deep elf zephyrmancers
  4 mana vipers
  2 starcursed masses (Abyss:2)
  2 worldbinders (Abyss:3)
  A wolf spider zombie (Crypt:2)
  15 ironbound convokers
  6 cyclopes
  A salamander (shapeshifter) (Elf:1)
  19 salamanders
  An eleionoma zombie (Crypt:3)
  36 ugly things
  3 manticores
  4 will-o-the-wisps
  25 black mambas
  13 moths of wrath
  2 shining eyes (Slime:5)
  2 centaur zombies (D:11)
  5 eyes of devastation
  14 elephants
  65 slime creatures
  14 vault sentinels
  4 rust devils
  An apocalypse crab (Abyss:2)
  13 naga magi
  3 titan simulacra
  4 molten gargoyles
  4 guardian serpents
  A dire elephant skeleton (Crypt:3)
  An orange demon (Abyss:2)
  10 cane toads
  11 smoke demons
  4 ice statues (Coc:7)
  11 hellions
  A kobold demonologist (D:12)
  2 storm dragon simulacra
  An unseen horror (D:12)
  A naga skeleton (Crypt:3)
  4 komodo dragons
  2 rime drakes
  3 iron giant simulacra
  50 yaktaurs
  8 tormentors
  9 freezing wraiths
  5 tengu conjurers
  2 golden dragon simulacra
  2 red devils (Depths:2)
  2 bunyip simulacra (Coc:1)
  3 anaconda simulacra
  2 ice devils (Depths:2)
  A purple draconian skeleton (Crypt:3)
  A minotaur skeleton (Crypt:3)
  3 ancient zymes (Abyss:2)
  3 meliai (D:15)
  A wind drake (shapeshifter) (D:14)
  A hornet (shapeshifter) (Vaults:5)
  2 bloated husks
  A shadow dragon simulacrum (Coc:1)
  2 hellwings (Abyss:2)
  A harpy skeleton (Crypt:3)
  16 hornets
  7 trolls
  6 raiju (Abyss:2)
  11 blink frogs
  A meliai zombie (D:11)
  8 saltlings (Orc:2)
  An iron dragon simulacrum (Coc:6)
  A stone giant simulacrum (Coc:4)
  10 tyrant leeches
  6 dream sheep (Lair:4)
  A moth of wrath zombie (Crypt:3)
  Grinder (D:6)
  6 flying skulls (Abyss:3)
  2 vampires
  19 spriggans
  14 water elementals
  2 ettin skeletons
  3 shadows
  12 wraiths
  2 air elementals
  4 hogs (Lair:4)
  2 ynoxinuls (Abyss:2)
  40 yaks
  4 wyverns
  4 dire elephant simulacra
  A swamp worm simulacrum (Swamp:4)
  5 basilisks
  5 fire elementals
  A slime creature zombie (Crypt:2)
  5 vampire mosquitoes (D:13)
  3 neqoxecs
  An alligator snapping turtle simulacrum (Coc:3)
  A fire bat zombie (Crypt:2)
  16 harpy simulacra
  A steam dragon (D:10)
  18 swamp worms
  32 nagas
  A two-headed ogre zombie (Crypt:1)
  4 wargs
  A merfolk zombie (Crypt:1)
  13 hydra simulacra
  An acid dragon (D:9)
  6 water moccasins
  15 orc warriors
  A moth of wrath simulacrum (Zot:1)
  5 swamp drakes
  3 black bears
  2 hornet zombies
  An ice beast (D:3)
  An ice dragon simulacrum (Coc:1)
  A merfolk simulacrum (Coc:2)
  4 ettin simulacra
  A blink frog zombie (Crypt:2)
  6 ogres
  10 centaurs
  A hog zombie (Crypt:2)
  14 wolves
  6 small abominations (Abyss:2)
  A swamp dragon skeleton (Crypt:3)
  9 bullfrogs
  4 kobold brigands
  A gnoll sergeant (D:10)
  3 necrophages
  4 naga simulacra
  A scorpion (D:6)
  6 earth elementals
  A komodo dragon skeleton (Crypt:2)
  15 wights
  4 killer bees (D:11)
  4 electric eels
  A raiju skeleton (Crypt:3)
  6 howler monkeys
  A wolf skeleton (Crypt:1)
  16 orc priests
  2 gnoll boudas
  5 iguanas
  12 orc wizards
  3 hell rats
  A deep dwarf skeleton (Crypt:1)
  A hound zombie (Crypt:1)
  16 gnolls
  4 adders
  2 shadow imps
  A white imp (D:7)
  5 swamp drake simulacra (Swamp:4)
  3 ufetubi
  A lava snake zombie (Crypt:3)
  A lava snake skeleton (Crypt:2)
  A worm (D:2)
  2 dart slugs
  36 orcs
  A bat zombie (Crypt:2)
  4 endoplasms
  4 giant cockroaches
  4 goblins
  5 hobgoblins
  4 jackals (D:3)
  18 kobolds
  4 quokkas
  4 ball pythons
  5 bats
  A dart slug zombie (Crypt:2)
  3 frilled lizards
  5 rats
  8 creeping infernos
  47 fire vortices
  A lurking horror (Abyss:2)
  4 starspawn tentacles (Abyss:2)
2212 creatures vanquished.

Vanquished Creatures (collateral kills)
  Asmodeus (Geh:7)
  Dissolution (Slime:3)
  the Royal Jelly (Slime:5)
  An ancient lich (Geh:4)
  A dread lich (Vaults:5)
  A royal mummy (Crypt:2)
  4 shard shrikes
  2 golden dragons
  The ghost of Neirri the Fetichist, a veteran DrHW of Gozag (Crypt:2)
  2 bone dragons
  A Tzitzimitl (Depths:1)
  2 hellephants
  A walking crystal tome (Depths:2)
  4 tentacled monstrosities
  An Ice Fiend (Coc:7)
  2 titans
  2 deep elf blademasters
  3 liches
  5 acid blobs (Slime:5)
  3 searing wretches
  A sphinx (Vaults:5)
  A death cob (Zot:4)
  2 tengu reavers
  Aizul (Snake:1)
  Agnes (Elf:1)
  Roxanne (D:14)
  9 narguns (Coc:7)
  Donald (Elf:3)
  2 storm dragons
  3 nagarajas
  11 azure jellies
  6 fire giants
  4 frost giants
  3 rockslimes
  4 vault wardens
  2 deep elf sorcerers (Elf:3)
  A draconian shifter (Zot:2)
  2 ghouls (Crypt:1)
  Louise (Snake:3)
  An orc warlord (Vaults:2)
  4 balrugs
  3 deep elf elementalists (Elf:3)
  An ironbound preserver (Vaults:4)
  A draconian annihilator (Depths:4)
  2 caustic shrike skeletons (Crypt:3)
  A spriggan defender (Depths:4)
  2 quicksilver oozes
  A very ugly thing (Depths:3)
  2 war gargoyles
  4 formless jellyfish
  An ironbound thunderhulk (Vaults:1)
  4 deep elf demonologists (Elf:3)
  2 vampire knights
  A lorocyproca (Hell)
  6 dire elephants
  A black draconian (Zot:4)
  2 elemental wellsprings
  4 wendigos
  A spark wasp (Depths:2)
  3 deep elf annihilators
  2 white draconians
  A red draconian (Zot:2)
  2 yellow draconians
  A bunyip (Swamp:1)
  A crystal guardian (Vaults:4)
  2 deep elf death magi (Vaults:5)
  An iron golem (Hell)
  3 jiangshi (Crypt:2)
  A great orb of eyes (Slime:3)
  A yaktaur captain (Vaults:3)
  2 caustic shrike simulacra (Coc:7)
  Fannar (D:11)
  4 hydras
  A salamander tyrant (Geh:7)
  10 vault guards
  3 spriggan air magi (Depths:4)
  3 stokers
  A centaur warrior (D:15)
  A spriggan skeleton (Hell)
  4 dancing weapons
  A boulder beetle (Lair:1)
  A deep troll shaman (Depths:2)
  A vampire mage (Crypt:3)
  An alligator (Swamp:4)
  A titan zombie (Crypt:2)
  2 two-headed ogres
  A deep troll earth mage (Depths:4)
  A death yak (Lair:5)
  14 hell hogs
  A naga warrior (Snake:2)
  An orc high priest (Elf:3)
  A shock serpent (Snake:4)
  A spriggan berserker (Depths:2)
  3 deep elf knights
  3 hell knights (Depths:4)
  A sun demon (Depths:2)
  3 naga sharpshooters
  A soul eater (Abyss:3)
  Sonja (D:13)
  A titan skeleton (Crypt:3)
  2 salamander mystics (Snake:3)
  9 skeletal warriors
  2 iron trolls (Hell)
  3 swamp dragons
  19 deep trolls
  A flayed ghost (Crypt:2)
  2 lindwurms (Vaults:1)
  2 spriggan simulacra
  A mana viper (Snake:4)
  A phantasmal warrior (Crypt:3)
  3 orc knights (Vaults:2)
  2 deep elf archers (Elf:3)
  An ironbound convoker (Vaults:5)
  2 necromancers
  A wizard (Vaults:3)
  5 deep elf pyromancers
  2 deep elf zephyrmancers
  An orc sorcerer (Orc:2)
  A manticore (Lair:5)
  2 salamanders
  3 ugly things
  A centaur zombie (D:11)
  2 moths of wrath
  A guardian serpent (Snake:2)
  A guardian serpent (shapeshifter) (Abyss:2)
  3 black mambas
  2 rust devils
  A molten gargoyle (Hell)
  A titan simulacrum (Coc:4)
  7 elephants
  4 naga magi
  Joseph (D:7)
  2 vault sentinels
  A pale draconian zombie (Crypt:1)
  A black draconian zombie (Crypt:3)
  2 dire elephant skeletons (Crypt:3)
  An orange demon (Abyss:2)
  5 freezing wraiths
  A komodo dragon (Lair:5)
  A hellion (Geh:7)
  5 anaconda simulacra
  An ancient zyme (Abyss:2)
  An ice devil (Hell)
  A harpy zombie (Hell)
  7 yaktaurs
  2 trolls (Orc:2)
  A polar bear (Lair:5)
  3 hornets
  A dream sheep (Lair:4)
  2 raiju (Abyss:2)
  21 slime creatures
  A ynoxinul (Abyss:2)
  A spriggan (Depths:1)
  Sigmund (D:6)
  2 water elementals
  A wyvern (Lair:4)
  3 dire elephant simulacra
  18 yaks
  2 swamp worm simulacra (Swamp:4)
  A redback (Vaults:2)
  2 small abominations (Abyss:2)
  A neqoxec (Abyss:2)
  4 wargs (Orc:2)
  A swamp worm (Swamp:1)
  4 harpy simulacra
  An acid dragon (D:9)
  Menkaure (D:5)
  3 hydra simulacra
  5 nagas
  A moth of wrath simulacrum (Zot:1)
  A water moccasin (Lair:5)
  8 orc warriors
  An ice beast (D:8)
  2 ogres
  2 wolves (Lair:3)
  3 ettin simulacra
  A centaur (D:8)
  A kobold brigand (D:6)
  A gnoll sergeant (D:8)
  A necrophage (Crypt:3)
  3 wights
  A killer bee (D:11)
  A howler monkey (D:9)
  5 hounds
  5 orc priests
  A gnoll bouda (D:4)
  4 hell rats (Depths:2)
  Natasha (D:4)
  2 iguanas
  8 orc wizards
  An adder (D:5)
  7 gnolls
  2 white imps
  18 orcs
  A goblin zombie (Crypt:1)
  A hobgoblin skeleton (Crypt:2)
  5 kobolds
  A spectral kobold (D:4)
  3 fire vortices
  A starspawn tentacle (Abyss:3)
520 creatures vanquished.

Vanquished Creatures (others)
  A titan (Coc:7)
  2 deep elf master archers (Elf:3)
  A storm dragon (Zot:3)
  A very ugly thing (Depths:4)
  3 shard shrike simulacra
  A stone giant (Depths:2)
  A wendigo (Coc:1)
  A yaktaur captain (Vaults:5)
  An alligator (Swamp:2)
  A salamander mystic (Snake:3)
  A spriggan simulacrum (Coc:1)
  3 deep elf archers
  A deep elf pyromancer (Elf:3)
  6 yaktaurs
  An iron giant simulacrum (Coc:3)
  An iron dragon simulacrum (Coc:4)
  A dire elephant simulacrum (Coc:4)
  A small abomination (Abyss:3)
  2 harpy simulacra
  A moth of wrath simulacrum (Zot:1)
  A naga simulacrum (Coc:7)
  A hell rat (Hell)
  An orc wizard (D:9)
  2 ancestors (D:3)
  38 knights
  A hobgoblin (D:4)
  A creeping inferno (Geh:7)
  A fire vortex (Geh:4)
  4 foxfires (Swamp:3)
  15 starspawn tentacles
96 creatures vanquished.

Grand Total: 2828 creatures vanquished

Notes
Turn   | Place    | Note
-------+----------+-------------------------------------------
     0 | D:1      | Bnni the Tengu Hunter began the quest for the Orb.
     0 | D:1      | Reached XP level 1. HP: 12/12 MP: 2/2
   298 | D:1      | Reached XP level 2. HP: 17/17 MP: 3/3
   879 | D:2      | Found a hazy altar of Hepliaklqana.
   888 | D:2      | Reached skill level 5 in Ranged Weapons
   888 | D:2      | Reached XP level 3. HP: 18/22 MP: 4/4
   909 | D:2      | Became a worshipper of Hepliaklqana the Forgotten
  1241 | D:2      | Found Orphedeppu's Weapon Shop.
  1612 | D:3      | Reached * piety under Hepliaklqana
  1854 | D:3      | Reached XP level 4. HP: 24/24 MP: 5/5
  2113 | D:3      | Noticed an ice beast
  2126 | D:3      | Killed an ice beast
  2127 | D:3      | Gained mutation: Your magical nature lets you fly swiftly
                  | and evasively. [Tengu growth]
  2127 | D:3      | Reached XP level 5. HP: 18/28 MP: 6/6
  2181 | D:3      | Found a shimmering blue altar of Sif Muna.
  2452 | D:4      | Found a hazy altar of Hepliaklqana.
  2543 | D:4      | Reached ** piety under Hepliaklqana
  2544 | D:4      | Remembered your ancestor Tankster McGee as a knight
  2723 | D:4      | Noticed a hornet
  2736 | D:4      | Killed a hornet
  2737 | D:4      | Reached XP level 6. HP: 34/34 MP: 7/7
  2862 | D:4      | Found an ancient bone altar of Kikubaaqudgha.
  2866 | D:4      | Noticed Natasha
  2871 | D:4      | Killed Natasha
  2872 | D:4      | Reached XP level 7. HP: 39/39 MP: 8/8
  3245 | D:5      | Entered Level 5 of the Dungeon
  3253 | D:5      | Noticed Menkaure
  3259 | D:5      | Killed Menkaure
  3260 | D:5      | Reached skill level 1 in Invocations
  3603 | D:5      | Reached skill level 5 in Fighting
  3976 | D:5      | Found an ornate altar of the Wu Jian Council.
  4031 | D:5      | Reached XP level 8. HP: 44/44 MP: 10/10
  4391 | D:6      | Found Gaulyfu's Assorted Antiques.
  4395 | D:6      | Reached *** piety under Hepliaklqana
  4424 | D:6      | Noticed Grinder
  4424 | D:6      | Paralysed by Grinder for 3 turns
  4433 | D:6      | Killed Grinder
  4679 | D:6      | Found a blossoming altar of Fedhas.
  4710 | D:6      | Noticed Sigmund
  4716 | D:6      | Killed Sigmund
  4739 | D:6      | Reached skill level 10 in Ranged Weapons
  4793 | D:6      | Found a staircase to the Ecumenical Temple.
  4810 | D:6      | Reached XP level 9. HP: 46/49 MP: 12/12
  5138 | D:6      | Found Pegiaph's Armour Boutique.
  5430 | D:7      | Noticed Joseph
  5445 | D:7      | Killed Joseph
  6077 | D:8      | Reached skill level 5 in Invocations
  6164 | D:8      | Reached **** piety under Hepliaklqana
  6648 | D:9      | Noticed a two-headed ogre
  6666 | D:9      | Killed a two-headed ogre
  6667 | D:9      | Reached XP level 10. HP: 39/57 MP: 8/15
  6874 | D:9      | Found Yvuhato's Antique Weapon Emporium.
  6920 | D:9      | Found an iron altar of Okawaru.
  6921 | D:9      | Noticed Harold
  6940 | D:9      | Killed Harold
  7516 | D:10     | Entered Level 10 of the Dungeon
  7534 | D:10     | Reached XP level 11. HP: 62/62 MP: 15/17
  7677 | D:10     | Found Aloratim's Book Shoppe.
  7678 | D:10     | Identified a scroll of acquirement
  7679 | D:10     | Acquired the +2 pair of gloves "Tegeosyf" {Slay+2 Stlth+}
  7771 | D:10     | Found a staircase to the Lair.
  7991 | D:2      | Bought the +3 greatsling "Punk" {acid, rCorr} for 406 gold
                  | pieces
  7991 | D:2      | Found the +3 greatsling "Punk" {acid, rCorr}
  8250 | D:10     | You are sucked into a shaft and drop 2 floors!
  8320 | D:11     | Noticed a boulder beetle
  8325 | D:11     | Killed a boulder beetle
  8361 | D:11     | Reached skill level 1 in Armour
  8389 | D:11     | Noticed a cyan ugly thing
  8395 | D:11     | Killed a cyan ugly thing
  8396 | D:11     | Reached skill level 1 in Shields
  8465 | D:11     | Reached skill level 3 in Dodging
  8799 | D:11     | Noticed Fannar
  8808 | D:11     | Killed Fannar
  8860 | D:11     | Noticed a two-headed ogre
  8863 | D:11     | Killed a two-headed ogre
  9018 | D:11     | Reached skill level 4 in Dodging
  9046 | D:11     | Noticed a purple ugly thing
  9053 | D:11     | Killed a purple ugly thing
  9054 | D:11     | Reached XP level 12. HP: 69/69 MP: 19/19
  9468 | D:12     | Noticed a boulder beetle
  9474 | D:12     | Killed a boulder beetle
  9530 | D:12     | Reached ***** piety under Hepliaklqana
  9628 | D:12     | Noticed Nessos
  9635 | D:12     | Killed Nessos
  9636 | D:12     | Reached skill level 10 in Fighting
  9636 | D:12     | Reached skill level 5 in Dodging
  9680 | D:12     | Found a radiant altar of Vehumet.
 10284 | D:13     | Noticed a five-headed hydra
 10291 | D:13     | Killed a five-headed hydra
 10301 | D:13     | Reached skill level 5 in Armour
 10341 | D:13     | Reached skill level 6 in Dodging
 10342 | D:13     | Reached skill level 10 in Invocations
 10365 | D:13     | Noticed an eight-headed hydra
 10371 | D:13     | Killed an eight-headed hydra
 10372 | D:13     | Reached skill level 5 in Shields
 10410 | D:13     | Reached XP level 13. HP: 74/74 MP: 21/21
 10419 | D:13     | Noticed a vault guard
 10429 | D:13     | Killed a vault guard
 10458 | D:13     | Noticed a vault guard
 10464 | D:13     | Killed a vault guard
 10527 | D:13     | Found a glowing silver altar of Zin.
 10540 | D:13     | Noticed Urug
 10549 | D:13     | Killed Urug
 10623 | D:13     | Found a gate to the Vaults.
 10623 | D:13     | Noticed a vault guard
 10623 | D:13     | Noticed a vault guard
 10624 | D:13     | Noticed a vault guard
 10624 | D:13     | Noticed a vault guard
 10626 | D:13     | Noticed a vault guard
 10636 | D:13     | Killed a vault guard
 10640 | D:13     | Killed a vault guard
 10642 | D:13     | Killed a vault guard
 10643 | D:13     | Reached skill level 7 in Dodging
 10645 | D:13     | Killed a vault guard
 10650 | D:13     | Killed a vault guard
 10791 | D:13     | Noticed a vault guard
 10805 | D:13     | Killed a vault guard
 10853 | D:13     | Noticed Sonja
 10858 | D:13     | Killed Sonja
 11034 | Lair:1   | Entered Level 1 of the Lair of Beasts
 11077 | Lair:1   | Found a transporter.
 11078 | Lair:1   | Found a transporter.
 12394 | Lair:2   | Reached skill level 8 in Dodging
 12450 | Lair:2   | Reached XP level 14. HP: 81/81 MP: 23/23
 12872 | Lair:2   | Found a staircase to the Swamp.
 13210 | Lair:3   | Found a staircase to the Snake Pit.
 13417 | Lair:3   | Reached ****** piety under Hepliaklqana
 13750 | Lair:3   | Found a runed translucent door.
 13755 | Lair:3   | Identified the +2 trident "Caavviaf" {pain, rPois rC+}
 13762 | Lair:3   | Noticed Tutankhamun's ghost (journeyman DsGl)
 13774 | Lair:3   | Killed Tutankhamun's ghost
 13776 | Lair:3   | Reached skill level 9 in Dodging
 14638 | Lair:4   | Noticed Kirke
 14653 | Lair:4   | Killed Kirke
 15002 | Lair:5   | Entered Level 5 of the Lair of Beasts
 15007 | Lair:5   | Found a transporter.
 15144 | Lair:5   | Reached XP level 15. HP: 80/86 MP: 23/25
 15382 | Lair:5   | Noticed mertasd123's ghost (journeyman FeSh)
 15383 | Lair:5   | Found a transporter.
 15490 | Lair:5   | Found a staircase to the Slime Pits.
 15826 | Lair:5   | Reached skill level 10 in Dodging
 16121 | Lair:5   | Killed mertasd123's ghost
 16127 | Lair:5   | Identified the amulet of Nasuetutt {RegenMP rPois Str-3
                  | Dex+2}
 16446 | D:10     | Found a staircase to the Orcish Mines.
 16681 | Orc:1    | Entered Level 1 of the Orcish Mines
 16868 | Orc:2    | Entered Level 2 of the Orcish Mines
 16868 | Orc:2    | Found a staircase to the Elven Halls.
 16868 | Orc:2    | Found Figougui's Weapon Boutique.
 16968 | Orc:2    | Reached skill level 10 in Armour
 16980 | Orc:2    | Reached skill level 1 in Short Blades
 16988 | Orc:2    | Noticed an orc warlord
 17035 | Orc:2    | Killed an orc warlord
 17250 | Orc:2    | Noticed an orc warlord
 17262 | Orc:2    | Killed an orc warlord
 17337 | Orc:2    | Found Ferop's Weapon Boutique.
 17383 | Orc:2    | Found Xail's Armour Boutique.
 17387 | Orc:2    | Found Kixt's Armour Shop.
 17567 | Orc:2    | Found Ziafy's Jewellery Shoppe.
 17621 | Orc:2    | Found Azeirroa's Antique Weapon Shoppe.
 17629 | Orc:2    | Found Vef Golo's Weapon Shoppe.
 17655 | Orc:2    | Found Okhloa's General Store.
 17778 | Orc:2    | Bought the +8 storm bow {elec, penet} for 1074 gold pieces
 17778 | Orc:2    | Found the +8 storm bow {elec, penet}
 17887 | Snake:1  | Entered Level 1 of the Snake Pit
 18130 | Snake:1  | Found Oskoq's Book Emporium.
 18133 | Snake:1  | Found Laku's Jewellery Shop.
 18134 | Snake:1  | Found Verheah's Book Emporium.
 18219 | Snake:1  | Reached XP level 16. HP: 93/93 MP: 27/27
 18267 | Snake:1  | Noticed Aizul
 18283 | Snake:1  | Killed Aizul
 18869 | Snake:1  | Reached skill level 15 in Ranged Weapons
 18942 | Snake:2  | Reached skill level 11 in Dodging
 19835 | Snake:2  | You are sucked into a shaft and drop 1 floor!
 19922 | Snake:3  | Noticed a nagaraja
 19935 | Snake:3  | Killed a nagaraja
 20231 | Snake:3  | Noticed a nagaraja
 20243 | Snake:3  | Killed a nagaraja
 20543 | Snake:3  | Reached skill level 12 in Dodging
 20544 | Snake:3  | Noticed Louise
 20806 | Snake:3  | Identified the +4 spear of the Big Bang {flame, rF+ Str-3
                  | Int+3}
 21086 | Snake:3  | Killed Louise
 21353 | Snake:4  | Entered Level 4 of the Snake Pit
 21493 | Snake:4  | Noticed Saint Roka
 21513 | Snake:4  | Killed Saint Roka
 21701 | Snake:4  | Noticed a nagaraja
 21707 | Snake:4  | Killed a nagaraja
 21819 | Snake:4  | Reached XP level 17. HP: 90/99 MP: 25/28
 21910 | Snake:4  | Noticed Asterion
 21917 | Snake:4  | Killed Asterion
 22113 | Snake:4  | Noticed Nikola
 22625 | Snake:4  | Noticed Vashnia
 22630 | Snake:4  | Reached skill level 13 in Dodging
 22638 | Snake:4  | Killed Vashnia
 22800 | Snake:4  | Got a serpentine rune of Zot
 23032 | Snake:4  | Killed Nikola
 23411 | Swamp:1  | Entered Level 1 of the Swamp
 23535 | Swamp:1  | Reached skill level 15 in Fighting
 24082 | Swamp:2  | Noticed Mlioglotl
 24095 | Swamp:2  | Killed Mlioglotl
 24827 | Swamp:3  | Reached XP level 18. HP: 107/107 MP: 29/29
 25134 | Swamp:3  | Found a transporter.
 25141 | Swamp:3  | Found a bloodstained altar of Trog.
 25151 | Swamp:3  | Noticed Daqifun's ghost (adept HuWn)
 25163 | Swamp:3  | Found a transporter.
 25440 | Swamp:3  | Reached skill level 14 in Dodging
 25470 | Swamp:3  | Killed Daqifun's ghost
 25560 | Swamp:3  | Identified the ring of Miajazo {rF+ Int+3}
 25661 | Swamp:4  | Entered Level 4 of the Swamp
 26210 | Swamp:4  | Got a decaying rune of Zot
 26988 | D:14     | Noticed Roxanne
 27003 | D:14     | Killed Roxanne
 27452 | D:15     | Entered Level 15 of the Dungeon
 27696 | D:15     | Found a snail-covered altar of Cheibriados.
 27707 | D:15     | Reached XP level 19. HP: 112/112 MP: 30/30
 27707 | D:15     | Acquired a +2 triple crossbow of freezing
 27783 | D:15     | Identified the +0 robe "Cuapezxo" {Int+3}
 27928 | D:15     | Reached skill level 15 in Dodging
 28087 | D:15     | Found a staircase to the Depths.
 28318 | Vaults:1 | Entered Level 1 of the Vaults
 28530 | Vaults:1 | You are sucked into a shaft and drop 1 floor!
 30298 | Vaults:2 | Reached skill level 16 in Dodging
 30639 | Vaults:2 | Reached XP level 20. HP: 106/120 MP: 27/31
 31990 | Vaults:3 | Identified the ring "Nuugacyo" {rN+ Dex+3}
 32001 | Abyss:2  | Cast into level 2 of the Abyss (a wizard)
 32034 | Abyss:2  | Found a corrupted altar of Lugonu.
 32129 | Abyss:2  | Noticed an ancient lich
 32136 | Abyss:2  | Killed an ancient lich
 32205 | Abyss:2  | Noticed a hellephant
 32254 | Abyss:2  | Killed a hellephant
 32451 | Abyss:2  | Reached skill level 17 in Dodging
 32775 | Abyss:2  | Found a corrupted altar of Lugonu.
 32993 | Abyss:3  | Reached XP level 21. HP: 126/126 MP: 32/32
 33028 | Abyss:3  | Gained mutation: Your body sometimes deteriorates upon
                  | taking damage. [a neqoxec]
 33057 | Abyss:3  | Got an abyssal rune of Zot
 33077 | Vaults:3 | Escaped the Abyss
 33463 | Vaults:3 | Noticed Norris
 33470 | Vaults:3 | Killed Norris
 33627 | Vaults:3 | Found a staircase to the Crypt.
 33627 | Vaults:3 | Found a basalt altar of Yredelemnul.
 33628 | Vaults:3 | Found an ancient bone altar of Kikubaaqudgha.
 34315 | Vaults:4 | Found the +12 glaive of Prune {freeze, Prune}
 34390 | Vaults:4 | Reached skill level 18 in Dodging
 34411 | Vaults:4 | Noticed Sojobo
 34425 | Vaults:4 | Paralysed by an air elemental for 1 turns
 34435 | Vaults:4 | Paralysed by an air elemental for 1 turns
 34440 | Vaults:4 | Paralysed by an air elemental for 1 turns
 34724 | Vaults:4 | Paralysed by an air elemental for 1 turns
 34730 | Vaults:4 | Paralysed by an air elemental for 1 turns
 34737 | Vaults:4 | Killed Sojobo
 35123 | Vaults:4 | Identified the +0 scale mail of Noxious Creativity {rCorr
                  | Dex+4}
 36048 | Depths:1 | Entered Level 1 of the Depths
 36076 | Depths:1 | Found a burning altar of Makhleb.
 36188 | Depths:1 | Identified the ring of the Everdark {rC+ rN++ Str+3 Int+6
                  | Dex+2}
 36201 | Depths:1 | Learned a level 2 spell: Wereblood
 36287 | Depths:1 | Reached XP level 22. HP: 119/133 MP: 29/33
 36521 | Depths:1 | Found Pin Cout's Weapon Shop.
 36645 | Depths:1 | Found a glowing golden altar of the Shining One.
 36788 | Depths:1 | Found a gateway to Hell.
 36846 | Depths:1 | You are sucked into a shaft and drop 1 floor!
 36875 | Depths:2 | Found a one-way gate leading to the halls of Pandemonium.
 36916 | Depths:2 | Lost mutation: Your body sometimes deteriorates upon taking
                  | damage. [potion of mutation]
 36916 | Depths:2 | Gained mutation: Your flesh is heat resistant. (rF+)
                  | [potion of mutation]
 36916 | Depths:2 | Gained mutation: You occasionally shout uncontrollably at
                  | your foes. [potion of mutation]
 36960 | Depths:2 | Found a shimmering altar of Xom.
 37009 | Depths:2 | Found a one-way gateway to a ziggurat.
 37047 | Depths:2 | Found a flickering gateway to a bazaar.
 37056 | Bazaar   | Entered a bazaar
 37079 | Bazaar   | Found Soimua's Book Boutique.
 37101 | Bazaar   | Found Linoq's Jewellery Emporium.
 37122 | Bazaar   | Found Dotei's Antique Weapon Boutique.
 37142 | Bazaar   | Found Subbaeso's Magic Scroll Shoppe.
 37169 | Bazaar   | Bought a scroll of blinking for 127 gold pieces
 37169 | Bazaar   | Bought a scroll of enchant weapon for 127 gold pieces
 37649 | Depths:2 | Reached skill level 19 in Dodging
 38054 | Depths:1 | Got the Spellbook of the Brume
 38445 | Depths:3 | Found Ruxtuesk's Weapon Shoppe.
 38641 | Depths:3 | Got Eboesuad's Disquisition on Coruscating Nephomancy
 39076 | Depths:3 | Found a one-way gate to the infinite horrors of the Abyss.
 39107 | Depths:3 | Noticed a golden dragon
 39115 | Depths:3 | Killed a golden dragon
 39576 | Depths:4 | Entered Level 4 of the Depths
 39794 | Depths:4 | Reached XP level 23. HP: 85/140 MP: 20/34
 40034 | Depths:4 | Found a gate to the Realm of Zot.
 40034 | Depths:4 | Noticed a golden dragon
 40044 | Depths:4 | Killed a golden dragon
 40184 | Depths:4 | Reached skill level 20 in Dodging
 40614 | Depths:4 | Found a runed translucent door.
 40625 | Depths:4 | Found a radiant altar of Vehumet.
 40631 | Depths:4 | Noticed an ancient lich
 40798 | Depths:4 | Killed an ancient lich
 40899 | Depths:4 | Got Vehumet's Catalogue of the Discharge
 41307 | Slime:1  | Entered Level 1 of the Pits of Slime
 41337 | Slime:1  | Reached skill level 5 in Stealth
 41479 | Slime:3  | Noticed Dissolution
 41487 | Slime:3  | Killed Dissolution
 41687 | Slime:5  | Entered Level 5 of the Pits of Slime
 41687 | Slime:5  | Found a viscous altar of Jiyva.
 41687 | Slime:5  | Noticed the Royal Jelly
 41687 | Slime:5  | Found the +7 captain's cutlass {speed, disarm}
 42115 | Slime:5  | Reached skill level 21 in Dodging
 42186 | Slime:5  | Killed the Royal Jelly
 42244 | Slime:5  | Reached XP level 24. HP: 58/147 MP: 18/34
 42733 | Slime:5  | Identified the +7 war axe of Xom's Displeasure {heavy,
                  | *Noise rElec rN++ Str+3}
 42767 | Slime:5  | Got the Compendium of Shadowy Gases
 42784 | Slime:5  | Got a slimy rune of Zot
 42786 | Slime:5  | Identified the +2 short sword of the Lost Spreadsheets
                  | {protect, Will+}
 42800 | Slime:5  | Identified the +2 pair of gloves "Put-Me-On" {Str+4}
 42820 | Slime:5  | Identified the +7 lajatang "Xaseidd" {flame, rPois rC+++
                  | Str-4 Stlth-}
 43326 | Elf:1    | Entered Level 1 of the Elven Halls
 43824 | Elf:1    | Noticed Agnes
 43828 | Elf:1    | Killed Agnes
 44044 | Elf:1    | Found Cimiesuto's Magic Scroll Shoppe.
 44404 | Elf:2    | Found a runed translucent gate.
 44405 | Elf:2    | Found a runed translucent gate.
 44405 | Elf:2    | Found a runed translucent gate.
 44805 | Elf:3    | Entered Level 3 of the Elven Halls
 44810 | Elf:3    | Reached skill level 22 in Dodging
 45126 | Elf:3    | Noticed Donald
 45129 | Elf:3    | Killed Donald
 45587 | Elf:3    | Found the +5 scythe "Finisher" {speed, execute}
 45592 | Elf:3    | Identified the +7 dagger "Pimmel" {flame, *Slow rCorr MP+9}
 45596 | Elf:3    | Identified the +5 kite shield of the Original Sin {Fly}
 45620 | Elf:3    | Got the Parchment of Accomplices and Topology
 45635 | Elf:3    | Identified the staff "Ges Zena" {Stlth+ Earth}
 45883 | Elf:3    | Got the Tome of Shifting Rallying
 46350 | Hell     | Entered the Vestibule of Hell
 46350 | Hell     | Noticed Geryon
 46910 | Depths:2 | Reached XP level 25. HP: 120/153 MP: 28/34
 46989 | Depths:2 | Reached skill level 15 in Armour
 47250 | Hell     | Reached skill level 23 in Dodging
 47519 | Hell     | Reached skill level 10 in Stealth
 47538 | Hell     | Killed Geryon
 48048 | Hell     | Found a gateway to the ashen valley of Gehenna.
 48123 | Hell     | Found a gateway to the decaying netherworld of Tartarus.
 48198 | Hell     | Found a gateway to the freezing wastes of Cocytus.
 48328 | Hell     | Found a gateway to the Iron City of Dis.
 48635 | Crypt:1  | Entered Level 1 of the Crypt
 48654 | Crypt:1  | Noticed Frederick
 48664 | Crypt:1  | Killed Frederick
 49050 | Crypt:1  | Reached skill level 24 in Dodging
 49411 | Crypt:2  | Identified the +12 dagger of Eternal Night {holy, Int+3}
 49479 | Crypt:2  | Found a basalt altar of Yredelemnul.
 49570 | Crypt:2  | Found a runed translucent door.
 49690 | Crypt:2  | Noticed a royal mummy
 49701 | Crypt:2  | Killed a royal mummy
 49756 | Crypt:2  | Noticed a royal mummy
 49766 | Crypt:2  | Killed a royal mummy
 49793 | Crypt:2  | Noticed a royal mummy
 49798 | Crypt:2  | Killed a royal mummy
 50051 | Crypt:2  | Found the +7 sceptre of Torment {pain, torment}
 50195 | Crypt:2  | Noticed Neirri's ghost (veteran DrHW)
 50220 | Crypt:2  | Killed Neirri's ghost
 50225 | Crypt:2  | Identified the +6 whip "Wugh" {holy, rN+}
 50286 | Crypt:2  | Learned a level 1 spell: Apportation
 50290 | Crypt:2  | Learned a level 3 spell: Portal Projectile
 50294 | Crypt:2  | Learned a level 3 spell: Swiftness
 50299 | Crypt:2  | Learned a level 4 spell: Passage of Golubria
 50300 | Crypt:3  | Entered Level 3 of the Crypt
 50342 | Crypt:3  | Reached skill level 1 in Air Magic
 50648 | Crypt:3  | Reached skill level 1 in Spellcasting
 50652 | Crypt:3  | Identified the +5 quarterstaff "Qeoklid" {speed, rN+}
 50654 | Crypt:3  | Reached skill level 1 in Translocations
 50855 | Crypt:3  | Identified the ring "Hedwuedi" {Str+6 SInv}
 50862 | Crypt:3  | Reached XP level 26. HP: 162/162 MP: 34/34
 50967 | Crypt:3  | Noticed a dread lich
 50974 | Crypt:3  | Killed a dread lich
 51008 | Crypt:3  | Reached skill level 1 in Transmutations
 51030 | Crypt:3  | Identified the ring of Xufewal {rPois rC+ Str-3 Slay+5}
 51049 | Crypt:3  | Identified the +9 halberd of Okawaru's Benevolence {pain,
                  | Fly rElec Str-4 Int+5}
 51054 | Crypt:3  | Identified the ring "Qathud" {rN+ Dex+3}
 51054 | Crypt:3  | Identified the ring of Nolisile {rN+ Int+5 Dex+3}
 51054 | Crypt:3  | Identified the ring "Zuosa" {rN+ rCorr}
 51172 | Crypt:3  | Reached skill level 25 in Dodging
 51544 | Crypt:3  | Found a staircase to the Tomb.
 52156 | Vaults:5 | Entered Level 5 of the Vaults
 52320 | Vaults:5 | Noticed a dread lich
 52333 | Vaults:5 | Killed a dread lich
 52334 | Vaults:5 | Reached skill level 5 in Air Magic
 52753 | Vaults:5 | Noticed a dread lich
 52766 | Vaults:5 | Killed a dread lich
 52990 | Vaults:5 | Reached XP level 27. HP: 167/167 MP: 34/34
 53000 | Vaults:5 | Identified the amulet of Joovelen {Faith Int+5 Dex+9
                  | Slay-2}
 53024 | Vaults:5 | Got a silver rune of Zot
 53067 | Vaults:5 | Found Akole's Distillery.
 53078 | Vaults:5 | Found Peshreaq's Distillery.
 53082 | Vaults:5 | Bought a potion of heal wounds for 120 gold pieces
 53229 | Vaults:5 | Reached skill level 5 in Translocations
 53268 | Vaults:5 | Identified the +0 scale mail of Pride {Str+4}
 53399 | Vaults:5 | Identified the +3 trident of Salaurad {freeze, Will+ Str-3
                  | Dex+4}
 53632 | Vaults:5 | Identified the +0 ring mail "Koxacsem" {Will++}
 53981 | D:10     | Bought an Inescapable Atlas for 224 gold pieces
 53984 | D:10     | Learned a level 2 spell: Blink
 53991 | D:10     | Learned a level 6 spell: Dispersal
 54204 | Geh:1    | Entered Level 1 of Gehenna
 54241 | Geh:1    | Noticed a dread lich
 54248 | Geh:1    | Killed a dread lich
 54249 | Geh:1    | Reached skill level 5 in Transmutations
 54596 | Geh:2    | Reached skill level 26 in Dodging
 54763 | Geh:2    | Noticed an ancient lich
 54765 | Geh:2    | Killed an ancient lich
 55242 | Geh:3    | You are sucked into a shaft and drop 1 floor!
 55285 | Geh:4    | Reached skill level 5 in Spellcasting
 55628 | Geh:4    | Noticed an ancient lich
 55633 | Geh:4    | Killed an ancient lich
 56489 | Geh:7    | Entered Level 7 of Gehenna
 57449 | Geh:7    | Reached skill level 15 in Invocations
 57652 | Geh:7    | Identified the +3 robe of Fedhas, Shifting {Rampage Str+3
                  | Dex+3}
 57807 | Geh:7    | Found the +13 sceptre of Asmodeus
 57807 | Geh:7    | Noticed Asmodeus
 57832 | Geh:7    | Killed Asmodeus
 58053 | Geh:7    | Got an obsidian rune of Zot
 58654 | Geh:7    | Reached skill level 27 in Dodging
 58659 | Geh:7    | Identified the ring "Zidaje" {rN+ Str+2}
 58668 | Geh:7    | Identified the +2 mace "Ygrucel" {heavy, Contam rC+ Int+2
                  | SInv}
 58676 | Geh:7    | Identified the amulet "Ciat" {RegenMP Str+4 Int+2}
 58942 | Coc:1    | Entered Level 1 of Cocytus
 59081 | Coc:2    | Noticed an ancient lich
 59090 | Coc:2    | Killed an ancient lich
 59866 | Coc:4    | Paralysed by a wendigo for 1 turns
 59873 | Coc:4    | Paralysed by a wendigo for 1 turns
 60191 | Coc:5    | Paralysed by a wendigo for 1 turns
 60262 | Coc:5    | Reached skill level 10 in Translocations
 61038 | Coc:7    | Entered Level 7 of Cocytus
 61090 | Coc:7    | Noticed Antaeus
 61923 | Coc:7    | Killed Antaeus
 61985 | Coc:7    | Identified the +9 dagger "Warrofoj" {heavy, Drain rC++
                  | Int+4}
 61992 | Coc:7    | Got an icy rune of Zot
 62212 | Coc:7    | Paralysed by a wendigo for 1 turns
 62325 | Coc:7    | Paralysed by a wendigo for 1 turns
 62632 | Coc:7    | Paralysed by a wendigo for 1 turns
 63616 | Coc:7    | Paralysed by a wendigo for 1 turns
 63735 | Coc:7    | Identified the +4 ring mail of Parts Unknown {Str+2 Int+2
                  | Dex-5}
 64022 | Coc:7    | Identified the +1 leather armour of Sesuz {rC+}
 64024 | Coc:7    | Identified the +1 robe "Qysab" {rElec rCorr}
 64266 | Zot:1    | Entered Level 1 of the Realm of Zot
 64398 | Zot:1    | Noticed Parghit
 64412 | Zot:1    | Killed Parghit
 64509 | Zot:1    | Identified the ring of Ignis's Inspiration {Ice Dex+2}
 64509 | Zot:1    | Noticed Josephina
 64514 | Zot:1    | Killed Josephina
 65846 | Zot:2    | You are sucked into a shaft and drop 2 floors!
 66065 | Zot:4    | Noticed an orb of fire
 66073 | Zot:4    | Killed an orb of fire
 66323 | Zot:4    | Identified the +0 plate armour of the Bouncing Ziggurats
                  | {Fly rCorr Str-4 Stlth+}
 66741 | Zot:3    | HP: 2/172 [green draconian monk (20)]
 66745 | Zot:3    | Demolished by a white draconian

Illustrated notes

Levels and vault maps discovered:
D:1:      matt_arrival_spirals, layout_basic
D:2:      layout_basic, basic_altar, serial_shops, nicolae_shop_stone
D:3:      layout_basic, marbit_many_paths, serial_bayou, serial_bayou_lagoon_a,
          serial_bayou_ford_a, serial_bayou_lake_a, serial_bayou_pond_e
D:4:      layout_loops_ring, nicolae_hepliaklqana_monster_ancestors,
          nicolae_kikubaaqudgha_miasma_corner, dk_rats_in_the_wall, uniq_natasha
D:5:      layout_loops_corners, nicolae_wu_jian_wuxing_cycle, uniq_menkaure
D:6:      layout_basic, fedhas_ov_isle_minmay, minmay_temple_entry_grid,
          serial_shops, nicolae_shop_advertising_works
          [nicolae_subvault_shop_adworks], kennysheep_mini, uniq_grinder,
          uniq_sigmund
D:7:      layout_basic, nicolae_elyvilon_peaceful_grove, uniq_joseph
D:8:      layout_basic
D:9:      layout_rooms, mainiacjoe_overflow_cross_hatched, serial_glass,
          glass_columns_b, glass_columns_c, serial_shops,
          nicolae_shop_behind_doors, minmay_joined_circles, uniq_harold
D:10:     layout_rooms, lair_entry_dummy, minmay_orc_entry_temple_small,
          serial_shops, shop
D:11:     layout_stronghold, serial_undead, serial_undead_c, serial_undead_d,
          serial_undead_b, serial_undead_c, uniq_fannar
D:12:     layout_grid_maze, nicolae_vehumet_radiance, uniq_nessos
D:13:     layout_rooms, erik_vaults_2, zin_statuary, uniq_sonja, uniq_urug
D:14:     layout_roguey, interstate_on_off, uniq_roxanne
D:15:     hangedman_depths_entry_try_elsewhere_first, layout_loops_ring,
          lemuel_crystal_altar
Lair:1:   gammafunk_boulding_lane, layout_regular_city
Lair:2:   layout_gridlike, palyth_hydra_swamp_entry
Lair:3:   layout_regular_city, alex1729_snake_entry_snake,
          ebering_ghost_funeral_grove
Lair:4:   layout_cave_pods, serial_bayou_shore_a, lemuel_fruit_fields,
          uniq_kirke
Lair:5:   evilmike_catoblepas_cave, layout_loops_ring,
          dpeg_slime_entry_enclosed, gammafunk_ghost_arena
Swamp:1:  layout_falls_marsh, nicolae_swamp_well_well_well,
          infiniplex_staircase_pool
Swamp:2:  layout_basic_swamp, evilmike_swamp_ruin_house_5, st_swamp_ruins_1,
          uniq_mlioglotl
Swamp:3:  layout_basic_swamp, gammafunk_ghost_wrathful_warriors,
          nicolae_swamp_trees_clearing, swamp_pool1, infiniplex_staircase_pool_2
Swamp:4:  swamp_icy, layout_basic_swamp, swamp_pool4
Snake:1:  layout_cave_shapes, minmay_shop_grove, grunt_megastairs_1, uniq_aizul
Snake:2:  layout_onion_interference, drop_trap, st_stairs_7, grunt_megastairs_5
Snake:3:  layout_rooms, nicolae_snake_magic_snake_eye, uniq_louise
Snake:4:  johnstein_snake_rune_scales, layout_cave_town, uniq_asterion,
          uniq_saint_roka, uniq_nikola, uniq_vashnia
Slime:1:  layout_caves
Slime:2:  layout_caves, cheibrodos_slime_lost_civilization_7
Slime:3:  layout_caves, nicolae_slime_welcoming_committee, uniq_dissolution
Slime:4:  nicolae_slime_pool, layout_caves, nicolae_slime_barrier
Slime:5:  slime_pit_nicolae_royal_road_to_ruin
Orc:1:    layout_caves, basic_altar, mines4_lemuel, uniq_maurice, uniq_erica
Orc:2:    hellmonk_orc_salted, layout_caves, serial_shops, shop, shop,
          nicolae_shop_tiny_real_fake_doors, shop_fountains, basic_altar
Elf:1:    layout_gridlike, serial_shops, nicolae_shop_rolled_up,
          hangedman_corner_corridor, uniq_agnes
Elf:2:    nicolae_elf_blades_crystal_corner, layout_gridlike
Elf:3:    elf_hall, layout_onion_city, uniq_donald
Vaults:1: vaults_dpeg_encased_lava, vaults_room_hallway,
          nicolae_vaults_closet_pinwheel_2, nicolae_vaults_variable_pillar_hall,
          nicolae_vaults_sealed_display, nicolae_vaults_closet_pinwheel_5,
          nicolae_vaults_asterisk, vaults_room_pools, v_misc_28,
          vaults_room_pool, v_misc_18, layout_vaults_omnigrid
Vaults:2: nicolae_vaults_more_shelving_1, ontoclasm_vaults_tryst,
          vaults_mumra_chevron_long, nicolae_vaults_shipping_containers_1,
          ontoclasm_vaults_gateway, nicolae_vaults_network_barrier, v_misc_30,
          nicolae_vaults_storage_room_doors, nicolae_vaults_two_Ls,
          v_alt_pattern_2, nicolae_vaults_house_2, ontoclasm_vaults_eye,
          hangedman_vaults_nails, layout_vaults_maze
Vaults:3: minmay_crypt_entry_necro_gods, vaults_room_octagon,
          hangedman_vaults_trim, v_misc_10, nicolae_vaults_closet_pinwheel_3,
          nicolae_vaults_storage_closets_3, grunt_vaults_hallway_long,
          vaults_room_pool, ontoclasm_vaults_decontamination, v_misc_4,
          vaults_dpeg_ring, nicolae_vaults_mini_display_case,
          layout_vaults_ring, uniq_norris
Vaults:4: nicolae_vaults_heist, nicolae_vaults_ellipses_ellipsis, v_misc_27,
          nicolae_vaults_double_plus_3, hangedman_vaults_slice,
          hangedman_vaults_slice, vaults_room_corners,
          grunt_vaults_hallway_short, nicolae_vaults_tetromino_L_2,
          layout_vaults_chaotic_city, uniq_sojobo
Vaults:5: serial_shops
Crypt:1:  layout_basic, uniq_frederick
Crypt:2:  minmay_guarded_unrand_sceptre_of_torment, layout_gridlike,
          basic_altar, gammafunk_ghost_grave, nicolae_crypt_little_mausoleum
Crypt:3:  due_elkab, layout_chaotic_city, nicolae_tomb_entry_rubble_hallway
Depths:1: minmay_the_grid_four_pointed_star
          [minmay_the_grid_triangle_9x9_skeleton,
          minmay_the_grid_triangle_9x9_zippers_vertical,
          minmay_the_grid_triangle_9x9_shrine,
          minmay_the_grid_triangle_9x9_wacky_v,
          minmay_the_grid_prize_diamond_cup], layout_long_grid, pan_entry,
          hell_entry, serial_shops, shop, tso_altar, kennysheep_generic_room_14
Depths:2: nicolae_moon_pools, layout_basic, enter_ziggurat_a,
          minmay_staircase_windowed_small, rand_demon_pan_entry_5, hell_entry,
          serial_shops, bzr_firewalk, xom_teletrap_fun
Depths:3: cheibrodos_lost_city_excavation, layout_gridlike,
          hangedman_abyss_entry_splay, serial_shops,
          nicolae_shop_real_fake_doors, hell_entry, grunt_megastairs_4,
          infiniplex_staircase_spiral
Depths:4: grunt_x_marks_the_spot, layout_cave_pools, hex_tiny, hell_entry,
          grunt_absolute_annihilation
Hell
Geh:1:    layout_gehenna_pools_box, nicolae_hells_seeping_fissure
Geh:2:    layout_gehenna_pools_basic
Geh:3:    layout_gehenna_pools_basic
Geh:4:    layout_gehenna_pools_triple
Geh:5:    layout_gehenna_lava_caves
Geh:6:    layout_gehenna_lava_caves
Geh:7:    evilmike_geh
Coc:1:    layout_cocytus_delve
Coc:2:    layout_cocytus_delve
Coc:3:    layout_cocytus_water_paths
Coc:4:    layout_cocytus_water_paths
Coc:5:    layout_ice_bergs
Coc:6:    layout_cocytus_water_paths
Coc:7:    coc_mu
Zot:1:    layout_gridlike, uniq_parghit, uniq_josephina
Zot:2:    layout_concentric_octagons
Zot:3:    infiniplex_zot_generator, layout_onion_interference
Zot:4:    layout_onion_interference, hellmonk_zot_clocked

Skill      XL: |  1  2  3  4  5  6  7  8  9 10 11 12 13 14 15 16 17 18 19 20 21 22 23 24 25 26 27 |
---------------+----------------------------------------------------------------------------------+-----
Ranged Weapons | 5 6 7 8 10 12 13 14 16 18 20 21 23 24 26 | 26.0
Fighting       | 3 4 5 6 7 8 9 10 11 12 13 14 15 16 17 18 19 20 21 22 24 | 24.9
Invocations    | 2 3 5 6 8 10 11 13 14 17 | 17.2
Armour         | 3 5 7 9 10 12 13 14 15 16 20 | 20.0
Shields        | 3 5 6 7 8 |  8.3
Dodging        | 4 6 8 9 10 12 13 14 16 17 18 19 21 22 24 25 27 | 27.0
Short Blades   | 2 4 |  4.1
Stealth        | 6 9 10 14 | 14.0
Air Magic      | 2 6 |  6.0
Spellcasting   | 1 3 5 |  5.0
Translocations | 1 4 12 | 12.0
Transmutations | 4 6 |  6.0

Action                     |  1- 3 |  4- 6 |  7- 9 | 10-12 | 13-15 | 16-18 | 19-21 | 22-24 | 25-27 || total
---------------------------+-------+-------+-------+-------+-------+-------+-------+-------+-------++-------
  Melee: Dagger            |       |       |     3 |       |       |       |       |       |       ||     3
         Kick              |       |       |     2 |       |       |       |       |       |       ||     2
   Fire: Shortbow          |    86 |    85 |   316 |       |       |       |       |       |       ||   487
         Orcbow            |       |       |    20 |   188 |       |       |       |       |       ||   208
         Greatsling        |       |       |       |   249 |   905 |   197 |       |       |       ||  1351
         Longbow           |       |       |       |       |    27 |   808 |   234 |   421 |    64 ||  1554
         Triple crossbow   |       |       |       |       |       |       |   685 |   682 |  2201 ||  3568
  Throw: Throwing net      |       |     1 |       |       |       |     2 |     2 |       |     3 ||     8
         Dart              |       |       |       |       |       |     1 |     4 |       |     1 ||     6
   Cast: Portal Projectile |       |       |       |       |       |       |       |       |     4 ||     4
         Blink             |       |       |       |       |       |       |       |       |     3 ||     3
         Wereblood         |       |       |       |       |       |       |       |       |     1 ||     1
 Invoke: Ancestor Identity |     1 |       |     1 |       |       |       |       |       |       ||     2
         Recall Ancestor   |       |     1 |     3 |     3 |     8 |     7 |     9 |    18 |    22 ||    71
         Ancestor Life: Kn |       |     1 |       |       |       |       |       |       |       ||     1
         Transference      |       |       |       |       |     4 |     6 |     1 |     2 |     2 ||    15
         Idealise          |       |       |       |       |     2 |     3 |    10 |    13 |    10 ||    38
  Evoke: Wand              |       |     1 |       |       |       |     1 |     3 |       |     3 ||     8
    Use: Scroll            |       |       |       |    15 |     8 |     8 |    15 |    12 |    11 ||    69
         Potion            |       |       |       |       |     1 |     5 |     3 |     2 |    11 ||    22
 Armour: Leather armour    |     7 |     6 |     5 |     9 |       |       |       |       |       ||    27
         Acid dragon scale |       |       |       |     5 |    20 |    17 |       |       |       ||    42
         Swamp dragon scal |       |       |       |       |       |    26 |    37 |    47 |   110 ||   220
         Ice dragon scales |       |       |       |       |       |       |       |       |    38 ||    38
  Dodge: Dodged            |    11 |     7 |    75 |    53 |    89 |   286 |   287 |   324 |  1417 ||  2549
  Block: Buckler           |       |       |       |     4 |    42 |    13 |       |       |       ||    59

Table legend: (Time is in decaauts)
 A = Elapsed time spent in this place.
 B = Non-inter-level travel time spent in this place.
 C = Inter-level travel time spent in this place.
 D = Time resting spent in this place.
 E = Time spent auto-exploring this place.
 F = Levels seen in this place.
 G = Mean time per level.
                   A        B        C        D        E       F      G
               +--------+--------+--------+--------+--------+-----+--------+
         Total |  63032 |  58644 |   4388 |  11838 |  32976 |  72 |  875.4 |
       Dungeon |  12927 |  11114 |   1813 |    351 |   8686 |  15 |  861.8 |
          Lair |   5146 |   4539 |    607 |    162 |   3579 |   5 | 1029.2 |
         Swamp |   2995 |   2808 |    187 |    347 |   1791 |   4 |  748.8 |
     Snake Pit |   5119 |   4953 |    166 |   1519 |   2604 |   4 | 1279.8 |
    Slime Pits |   1803 |   1717 |     86 |    805 |    252 |   5 |  360.6 |
  Orcish Mines |   1039 |    978 |     61 |     20 |    711 |   2 |  519.5 |
   Elven Halls |   2565 |   2476 |     89 |    101 |   1814 |   3 |  855.0 |
        Vaults |   8059 |   7471 |    588 |    884 |   4682 |   5 | 1611.8 |
         Crypt |   3285 |   3163 |    122 |    556 |   1771 |   3 | 1095.0 |
        Depths |   6245 |   5901 |    344 |   2044 |   2760 |   4 | 1561.2 |
          Hell |    693 |    585 |    108 |     81 |    267 |   1 |  693.0 |
       Gehenna |   4519 |   4425 |     94 |   2081 |   1040 |   7 |  645.6 |
       Cocytus |   5098 |   5020 |     78 |   2463 |   1265 |   7 |  728.3 |
           Zot |   2350 |   2312 |     38 |    156 |   1623 |   4 |  587.5 |
         Abyss |   1051 |   1051 |      0 |    265 |     33 |   2 |  525.5 |
        Bazaar |    130 |    130 |      0 |      0 |     93 |   1 |  130.0 |
               +--------+--------+--------+--------+--------+-----+--------+

Top non-repeatable levels by time:
   Coc:7: 3055 daAuts
   Geh:7: 2317 daAuts
Depths:2: 1933 daAuts
Vaults:4: 1861 daAuts
Vaults:1: 1755 daAuts
Depths:1: 1706 daAuts
 Snake:3: 1673 daAuts
 Crypt:3: 1657 daAuts
 Snake:4: 1605 daAuts
Vaults:2: 1598 daAuts
Vaults:5: 1545 daAuts
Depths:4: 1384 daAuts
Vaults:3: 1299 daAuts
    D:11: 1270 daAuts
Depths:3: 1220 daAuts
